 Dungeon Crawl Stone Soup version 0.27-a0-170-g607d9e9d85 (webtiles) character file.

Game seed: 13061617341897194565

495 kestreltb the Stinger (level 7, -1/67 HPs)
             Began as an Ogre Venom Mage on Jan 16, 2021.
             Slain by an ice beast (14 damage)
             ... on level 5 of the Dungeon on Jan 28, 2021.
             The game lasted 00:22:56 (5108 turns).

kestreltb the Stinger (Ogre Venom Mage)             Turns: 5108, Time: 00:22:56

Health: -1/67      AC:  3    Str: 13    XL:     7   Next: 15%
Magic:  11/12      EV: 10    Int: 18    God:
Gold:   189        SH:  0    Dex:  9    Spells: 6/13 levels left

rFire    . . .     SeeInvis .   w - +0 war axe
rCold    . . .     Faith    .   (no shield)
rNeg     . . .     Spirit   .   a - +0 robe
rPois    .         Reflect  .   (helmet restricted)
rElec    .         Harm     .   i - scarf {+Inv}
rCorr    .         Rampage  .   (gloves unavailable)
Will     .....                  (boots unavailable)
Stlth    +.........             (no amulet)
HPRegen  0.21/turn              (no ring)
MPRegen  0.13/turn              (no ring)

@: no status effects
A: large, unfitting armour, tough skin 1
a: Evoke Invisibility


You were on level 5 of the Dungeon.
You visited 1 branch of the dungeon, and saw 5 of its levels.

You collected 189 gold pieces.

Inventory:

Hand Weapons
 c - a +0 club
 u - a +0 falchion
 v - a +0 hand axe
 w - a +0 war axe (weapon)
 x - a +1 falchion of venom
 z - a +0 giant club
 C - a +0 war axe
Missiles
 k - 16 poisoned darts (quivered)
Armour
 a - a +0 robe (worn)
 f - a +0 helmet
 g - a +0 helmet
 i - a scarf of invisibility (worn)
Jewellery
 d - a cursed amulet of inaccuracy {unknown}
 o - an uncursed ring of magical power {unknown}
Wands
 A - a wand of iceblast (10)
Scrolls
 e - a scroll of magic mapping {unknown}
 p - 3 scrolls of remove curse {unknown}
 q - a scroll of immolation {unknown}
 r - a scroll of fog {unknown}
 y - a scroll of identify {unknown}
Potions
 b - a potion of attraction {unknown}
 h - a potion of cancellation {unknown}
 j - 3 potions of might {unknown}
 l - a potion of heal wounds {unknown}
 m - a potion of curing {unknown}
 n - a potion of berserk rage {unknown}
 s - 2 potions of brilliance {unknown}
 t - 2 potions of magic {unknown}
 B - a potion of invisibility {unknown}


   Skills:
 - Level 3.6 Fighting
 - Level 0.4(1.0) Axes
 - Level 1.2(1.3) Maces & Flails
 - Level 1.7 Dodging
 - Level 1.4 Stealth
 + Level 3.7 Spellcasting
 - Level 0.8 Transmutations
 * Level 5.9 Poison Magic


You had 6 spell levels left.
You knew the following spells:

 Your Spells              Type           Power        Failure   Level
a - Sting                 Tmut/Pois      60%          3%          1
b - Poisonous Vapours     Pois/Air       28%          7%          2
c - Olgreb's Toxic Radia  Pois           24%          13%         4

Your spell library contained the following spells:

 Spells                   Type           Power        Failure   Level
 Ignite Poison            Fire/Tmut/Pois 11%          19%         3
 Mephitic Cloud           Conj/Pois/Air  10%          21%         3


Dungeon Overview and Level Annotations

Branches:
Dungeon (5/15)
 Temple: D:4-7

Altars:


Innate Abilities, Weirdness & Mutations

You are too large for most types of armour.
You have tough skin. (AC +1)


Message History

The ice beast is heavily wounded.
The ice beast hits you. The ice beast freezes you!
You hit the ice beast but do no damage.
The ice beast is heavily wounded.
The ice beast hits you but does no damage. x2
You closely miss the ice beast.
The ice beast is heavily wounded.
The ice beast hits you. The ice beast freezes you!
* * * LOW HITPOINT WARNING * * *
Casting: Sting (safe; 3% risk of failure)
Confirm with . or Enter, or press ? or * to list all spells.
Aiming: Sting (safe; 3% risk of failure)
Press: ? - help, Shift-Dir - straight line, f - ice beast
Aim: an ice beast (heavily wounded, 26% to evade)
The sting hits the ice beast.
The ice beast is poisoned.
The ice beast is heavily wounded.
The ice beast hits you.
* * * LOW HITPOINT WARNING * * *
The ice beast freezes you!
You die...

#. . #. #+ #.
...#..
......#######
............#
.......@....#
..##..Y.....#
#........#
#........#
#........#
#........#
.........#
....#######


You could see an ice beast (poisoned).

Vanquished Creatures
  An ogre (D:4)
  A howler monkey (D:4)
  3 orc wizards (D:4)
  An orc priest (D:3)
  2 iguanas (D:4)
  2 worker ants
  8 adders
  3 worms
  A dart slug (D:2)
  A leopard gecko (D:3)
  11 orcs
  2 bats
  4 giant cockroaches
  6 goblins
  6 hobgoblins
  A quokka (D:3)
  A ball python (D:1)
  7 frilled lizards
  5 kobolds
  11 rats
77 creatures vanquished.

Vanquished Creatures (others)
  An orc wizard (D:4)
1 creature vanquished.

Grand Total: 78 creatures vanquished

Notes
Turn   | Place    | Note
-------+----------+-------------------------------------------
     0 | D:1      | kestreltb the Ogre Venom Mage began the quest for the Orb.
     0 | D:1      | Reached XP level 1. HP: 16/16 MP: 3/3
   383 | D:1      | Reached skill level 1 in Fighting
   383 | D:1      | Reached skill level 3 in Poison Magic
   383 | D:1      | Reached XP level 2. HP: 26/27 MP: 5/5
  1052 | D:2      | Reached XP level 3. HP: 31/35 MP: 6/6
  1451 | D:2      | Reached XP level 4. HP: 19/44 MP: 1/7
  1876 | D:2      | Learned a level 2 spell: Poisonous Vapours
  1973 | D:3      | Reached skill level 4 in Poison Magic
  2567 | D:3      | Reached XP level 5. HP: 45/53 MP: 6/8
  2749 | D:3      | Reached skill level 1 in Maces & Flails
  3277 | D:3      | Upgraded the game from 0.27-a0-92-g39ad13b146 to
                  | 0.27-a0-93-g19769c27d7
  4071 | D:4      | Reached skill level 5 in Poison Magic
  4071 | D:4      | Reached XP level 6. HP: 58/61 MP: 8/10
  4107 | D:4      | Upgraded the game from 0.27-a0-93-g19769c27d7 to
                  | 0.27-a0-156-gbcd94eb011
  4447 | D:4      | Upgraded the game from 0.27-a0-156-gbcd94eb011 to
                  | 0.27-a0-170-g607d9e9d85
  4488 | D:4      | Learned a level 4 spell: Olgreb's Toxic Radiance
  4528 | D:4      | Reached XP level 7. HP: 29/67 MP: 5/12
  5097 | D:5      | Entered Level 5 of the Dungeon
  5108 | D:5      | Slain by an ice beast

Illustrated notes

Levels and vault maps discovered:
D:1:      heliophobic_arrival_enchanted_forest, layout_basic
D:2:      layout_basic
D:3:      layout_basic
D:4:      layout_rooms
D:5:      layout_basic, pdpol_wu_jian_five_deadly_venoms,
          minmay_temple_entry_trees, basic_altar, uniq_crazy_yiuf_cottage

Skill      XL: |  1  2  3  4  5  6 |
---------------+-------------------+-----
Fighting       | 1 2 3 |  3.6
Poison Magic   | 3 4 5 |  5.9
Maces & Flails | 1 |  1.2
Spellcasting   | 3 |  3.7
Axes           | |  0.4
Dodging        | |  1.7
Stealth        | |  1.4
Transmutations | |  0.8

Action                   |  1- 3 |  4- 6 |  7- 9 || total
-------------------------+-------+-------+-------++-------
Melee: Club              |    85 |    61 |       ||   146
       Unarmed           |     6 |       |       ||     6
       Hand axe          |       |     3 |       ||     3
       Falchion          |       |    15 |       ||    15
       Giant club        |       |    19 |     3 ||    22
       War axe           |       |       |    10 ||    10
Throw: Dart              |       |    10 |       ||    10
 Cast: Sting             |    33 |    60 |     8 ||   101
       Poisonous Vapours |       |     3 |       ||     3
       Olgreb's Toxic Ra |       |       |     1 ||     1
  Use: Scroll            |     3 |       |       ||     3
 Stab: Sleeping          |     1 |     1 |     1 ||     3
Armor: Robe              |    32 |    29 |     4 ||    65
Dodge: Dodged            |    70 |    60 |     6 ||   136
       Rpst.: Falchion   |       |     1 |       ||     1

Table legend: (Time is in decaauts)
 A = Elapsed time spent in this place.
 B = Non-inter-level travel time spent in this place.
 C = Inter-level travel time spent in this place.
 D = Time resting spent in this place.
 E = Time spent auto-exploring this place.
 F = Levels seen in this place.
 G = Mean time per level.
                   A        B        C        D        E       F      G
               +--------+--------+--------+--------+--------+-----+--------+
         Total |   5172 |   4857 |    315 |    870 |   2773 |   5 | 1034.4 |
       Dungeon |   5172 |   4857 |    315 |    870 |   2773 |   5 | 1034.4 |
               +--------+--------+--------+--------+--------+-----+--------+

Top non-repeatable levels by time:
     D:3: 2066 daAuts
     D:4: 1090 daAuts
     D:2: 1050 daAuts
     D:1: 949 daAuts
     D:5: 15 daAuts
